Workbook

Sheet Сводная таблица
A5: СВОДНЫЙ РАСЧЕТ БЮДЖЕТА РЕАЛИЗАЦИИ ДОРОЖНОЙ КАРТЫ
A7: наименование организации
A8: № п/п | B8: Статья расходов | C8: Запрашиваемая сумма (сумма пожертвования) | D8: Собственный вклад и вклад партнеров (дополнительные источники финансирования) | E8: Итого
C9: руб. | D9: руб. | E9: руб.
A10: 1. | B10: Расходы на оплату труда работников НКО и специалистов по договорам ГПХ | C10: ='1. Оплата труда '!J12 -> 0 | D10: ='1. Оплата труда '!K12 -> 0 | E10: =C10+D10 -> 0
A11: 2. | B11: Административно-хозяйственные расходы | C11: ='7. Услуги'!H12 -> 0 | D11: ='7. Услуги'!I12 -> 0 | E11: =C11+D11 -> 0
A12: 3. | B12: Командировочные расходы | C12: ='2. Административные'!H12 -> 0 | D12: ='2. Административные'!I12 -> 0 | E12: =C12+D12 -> 0
A13: 4. | B13: Транспортные расходы | C13: ='3. Командировочные'!I14 -> 0 | D13: ='3. Командировочные'!J14 -> 0 | E13: =C13+D13 -> 0
A14: 5. | B14: Приобретение, аренда оборудования, инвентаря и сопутствующие расходы | C14: ='4. Транспорт'!H12 -> 0 | D14: ='4. Транспорт'!I12 -> 0 | E14: =C14+D14 -> 0
A15: 6. | B15: Разработка и поддержка сайтов и информационных систем | C15: ='5. Оборудование'!H11 -> 0 | D15: ='5. Оборудование'!I11 -> 0 | E15: =C15+D15 -> 0
A16: 7. | B16: Оплата услуг привлеченных специалистов/организаций на проведение/реализацию мероприятий | C16: ='6. Сайт и ИС'!H11 -> 0 | D16: ='6. Сайт и ИС'!I11 -> 0 | E16: =C16+D16 -> 0
A17: 8. | B17: Расходы на обучение сотрудников | C17: ='8. Обучение'!H12 -> 0 | D17: ='8. Обучение'!I12 -> 0 | E17: =C17+D17 -> 0
A18: 9. | B18: Просветительская деятельность и информационная поддержка | C18: ='9. Продвижение'!H12 -> 0 | D18: ='9. Продвижение'!I12 -> 0 | E18: =C18+D18 -> 0
A19: 10. | B19: Обустройство помещений | C19: ='10. Обустройство помещений '!H13 -> 0 | D19: ='10. Обустройство помещений '!I13 -> 0 | E19: =C19+D19 -> 0
A20: 11. | B20: Обустройство территории | C20: ='11. Обустройство территории'!H12 -> 0 | D20: ='11. Обустройство территории'!I12 -> 0 | E20: =C20+D20 -> 0
A21: 12. | B21: Иные расходы | C21: ='12. Иные'!H12 -> 0 | D21: ='12. Иные'!I12 -> 0 | E21: =C21+D21 -> 0
B22: ВСЕГО по статьям расходов: | C22: =SUM(C10:C21) -> 0 | D22: =SUM(D10:D21) -> 0 | E22: =C22+D22 -> 0
B23: ИТОГО общая сумма: | C23: =SUM(C22:C22) -> 0 | D23: =SUM(D22:D22) -> 0 | E23: =C23+D23 -> 0

Sheet 1. Оплата труда 
A1: 1. Расходы на оплату труда работников НКО и специалистов по договорам ГПХ
A2: Данная статья расходов включает в себя: | D2: оплату труда собственных сотрудников организации занятых в реализации Дорожной карты, выплаты физическим лицам за выполнение работ по договорам ГПХ, налоги с фонда оплаты труда, страховые взносы
A4: № п/п | B4: № Направления/ № Цели/ № Задачи/ № мероприятия ДК (например, 1.1.1.1.) | C4: *Должность сотрудника в Дорожной карте | D4: Кол-во сотрудников | E4: Заработная плата в месяц на одного сотрудника (с учетом НДФЛ) | F4: ***Ставка страховых взносов | G4: Сумма страховых взносов в месяц | H4: Период работы одного сотрудника | I4: Итого затраты | J4: В том числе: | L4: Обоснование (расчет) зарплаты
J5: Запрашиваемая сумма пожертвования | K5: Собственный вклад и вклад партнеров
D6: чел. | E6: руб. | F6: % | G6: руб. | H6: мес. | I6: руб. | J6: руб. | K6: руб.
G7: =E7*F7 -> 0 | I7: =(E7+G7)*D7*H7 -> 0
G8: =E8*F8 -> 0 | I8: =(E8+G8)*D8*H8 -> 0
G9: =E9*F9 -> 0 | I9: =(E9+G9)*D9*H9 -> 0
G10: =E10*F10 -> 0 | I10: =(E10+G10)*D10*H10 -> 0
G11: =E11*F11 -> 0 | I11: =(E11+G11)*D11*H11 -> 0
C12: ВСЕГО (в т.ч. НДФЛ): | D12: =SUM(D7:D11) -> 0 | E12: =SUM(E7:E11) -> 0 | G12: =SUM(G7:G11) -> 0 | I12: =SUM(I7:I11) -> 0 | J12: =SUM(J7:J11) -> 0 | K12: =SUM(K7:K11) -> 0
A14: * Расходы на оплату труда ссотрудников, занятых в реализации Дорожной карты - указываются отдельно по каждой должности
A15: ** Рассчитывая эту статью, необходимо учесть, что срочные трудовые договоры, трудовые договоры будут приняты в качестве расходов при юридически корректном оформлении, при условии, что компенсационные и иные социальные выплаты, предусмотренные Трудовым законодательством РФ, будут производиться за счет собственных средств организации (за счет пожертвования данные расходы не могут быть произведены).
A16: ***Ставка страховых взносов указывается в соответствии с действующим законодательством РФ

Sheet 2. Административные
A1: 2. Административно-хозяйственные расходы
A2: Данная статья расходов включает в себя: | D2: коммунальные платежи, содержание зданий, аренда нежилого помещения, почтовые расходы, услуги связи, услуги банков, электронный документооборот, канцелярские товары и расходники для организационной техники
A4: № п/п | B4: № Направления/ № Цели/ № Задачи/ № мероприятия ДК (например, 1.1.1.1.) | C4: Наименование расходов | D4: Ед. изм. | E4: Кол-во | F4: Стоимость за единицу | G4: Итого затраты | H4: В том числе: | J4: Пояснения необходимости расходов, количества, стоимости и пр.
H5: Запрашиваемая сумма пожертвования | I5: Собственный вклад и вклад партнеров
F6: руб. | G6: руб. | H6: руб. | I6: руб.
F7: 0 | G7: =E7*F7 -> 0
F8: 0 | G8: =E8*F8 -> 0
F9: 0 | G9: =E9*F9 -> 0
F10: 0 | G10: =E10*F10 -> 0
F11: 0 | G11: =E11*F11 -> 0
C12: ИТОГО: | F12: =SUM(F7:F11) -> 0 | G12: =SUM(G7:G11) -> 0 | H12: =SUM(H7:H11) -> 0 | I12: =SUM(I7:I11) -> 0

Sheet 3. Командировочные
A1: 3. Командировочные расходы
A2: Данная статья расходов включает в себя: | D2: поездки, непосредственно связанные с организацией деятельности и предоставлением услуг целевым группам, включая авиаперелеты, проезд ж/д и автотранспортом, проживание (для сотрудников НКО); проезд к месту командировки и обратно сотрудников работающих по трудовым договорам, проживание, суточные сотрудникам НКО в размерах, установленных локальным нормативным актом
A3: Ограничения: | D3: недопустимые расходы за счет пожертвования: авиаперелет классом выше экономического (бизнес-класс, первый класс и пр.), проезд ж/д транспортом классом выше купе (СВ, люкс, первый класс), а также расходы за платный выбор места и страхование; проживание в номерах категории выше «Стандарт»
A5: №п/п | B5: № Направления/ № Цели/ № Задачи/ № мероприятия ДК (например, 1.1.1.1.) | C5: Наименование расходов | D5: Кол-во людей | E5: Ед. изм. | F5: Кол-во на 1 чел. | G5: Стоимость за единицу | H5: Итого затраты | I5: В том числе: | K5: Пояснения необходимости расходов, количества, стоимости и пр.
I6: Запрашиваемая сумма пожертвования | J6: Собственный вклад и вклад партнеров
D7: чел. | G7: руб. | H7: руб. | I7: руб. | J7: руб.
G8: 0 | H8: =D8*F8*G8 -> 0
G9: 0 | H9: =D9*F9*G9 -> 0
G10: 0 | H10: =D10*F10*G10 -> 0
G11: 0 | H11: =D11*F11*G11 -> 0
G12: 0 | H12: =D12*F12*G12 -> 0
G13: 0 | H13: =D13*F13*G13 -> 0
C14: ИТОГО: | G14: =SUM(G8:G13) -> 0 | H14: =SUM(H8:H13) -> 0 | I14: =SUM(I8:I13) -> 0 | J14: =SUM(J8:J13) -> 0
B16: * Суточные для сотрудников организации, работающих по трудовым договорам, должны быть в пределах допустимых сумм. необлагаемых НДФЛ (700 рублей в сутки для командировок по России)

Sheet 4. Транспорт
A1: 4. Транспортные расходы
A2: Данная статья расходов включает в себя: | D2: доставка приобретенного оборудования и материалов, проезд приглашенных специалистов, включая авиаперелеты, проезд ж/д и автотранспортом, трансфер (такси) для приглашенных специалистов, автобус для перевозки участников к месту проведения мероприятия и обратно и пр.
A3: Ограничения: | D3: размещение и проезд участников к месту проведения мероприятий Дорожной карты, не задействованных в проведении (организации) мероприятий Дорожной карты или не являющихся сотрудниками НКО
A5: № п/п | B5: № Направления/ № Цели/ № Задачи/ № мероприятия ДК (например, 1.1.1.1.) | C5: Наименование расходов | D5: Кол-во поездок | E5: Продолжительность поездки | F5: Тариф | G5: Итого затраты | H5: В том числе: | J5: Пояснения необходимости расходов, количества, стоимости и пр.
H6: Запрашиваемая сумма пожертвования | I6: Собственный вклад и вклад партнеров
D7: шт. | E7: час. | F7: руб. | G7: руб. | H7: руб. | I7: руб.
G8: =D8*E8*F8 -> 0
G9: =D9*E9*F9 -> 0
G10: =D10*E10*F10 -> 0
G11: =D11*E11*F11 -> 0
C12: ИТОГО: | G12: =SUM(G8:G11) -> 0 | H12: =SUM(H8:H11) -> 0 | I12: =SUM(I8:I11) -> 0

Sheet 5. Оборудование
A1: 5. Приобретение, аренда оборудования, инвентаря и сопутствующие расходы
A2: Данная статья расходов включает в себя: | D2: приобретение и аренда компьютерной, видео-, аудио-, фототехники (в т.ч. компьютеры, ноутбуки, принтеры, планшеты, мобильные телефоны, видеокамеры, фотоаппараты, диктофоны, микшеры, устройства для хранения информации и др.), приобретение программного обеспечения, приобретение специализированного оборудования (медицинское, реабилитационное, игровое, обучающее, осветительные приборы и др.) и сопутствующие расходы
A4: № п/п | B4: № Направления/ № Цели/ № Задачи/ № мероприятия ДК (например, 1.1.1.1.) | C4: Наименование оборудования | D4: Ед. изм. | E4: Кол-во | F4: Стоимость за единицу | G4: Итого затраты | H4: В том числе: | J4: Пояснения необходимости расходов, количества, стоимости и пр.
H5: Запрашиваемая сумма пожертвования | I5: Собственный вклад и вклад партнеров
F6: руб. | G6: руб. | H6: руб. | I6: руб.
F7: 0 | G7: =E7*F7 -> 0
F8: 0 | G8: =E8*F8 -> 0
F9: 0 | G9: =E9*F9 -> 0
F10: 0 | G10: =E10*F10 -> 0
C11: ИТОГО: | F11: =SUM(F7:F10) -> 0 | G11: =SUM(G7:G10) -> 0 | H11: =SUM(H7:H10) -> 0 | I11: =SUM(I7:I10) -> 0

Sheet 6. Сайт и ИС
A1: 6. Разработка и поддержка сайтов и информационных систем
A2: Данная статья расходов включает в себя: | D2: внедрение и разработка продуктов, в том числе цифровых и дистанционных для управления НКО, управления взаимодействием с клиентами (CRM-система, сбора средств), разработку специализированных платформ или систем (например, для онлайн-обучения, сбора данных и т.д.); техническую поддержку: обслуживание сайта или системы, иные аналогичные расходы
A4: № п/п | B4: № Направления/ № Цели/ № Задачи/ № мероприятия ДК (например, 1.1.1.1.) | C4: Наименование расходов | D4: Ед. изм. | E4: Кол-во | F4: Стоимость за единицу | G4: Итого затраты | H4: В том числе: | J4: Пояснения необходимости расходов, количества, стоимости и пр.
H5: Запрашиваемая сумма пожертвования | I5: Собственный вклад и вклад партнеров
F6: руб. | G6: руб. | H6: руб. | I6: руб.
F7: 0 | G7: =D7*E7*F7 -> 0
F8: 0 | G8: =D8*E8*F8 -> 0
F9: 0 | G9: =D9*E9*F9 -> 0
F10: 0 | G10: =D10*E10*F10 -> 0
C11: ИТОГО: | F11: =SUM(F7:F10) -> 0 | G11: =SUM(G7:G10) -> 0 | H11: =SUM(H7:H10) -> 0 | I11: =SUM(I7:I10) -> 0

Sheet 7. Услуги
A1: 7. Оплата услуг привлеченных специалистов/организаций на проведение/реализацию мероприятий
A2: Данная статья расходов включает в себя: | D2: оплата услуг привлеченных экспертов/организаций, сопровождающих реализацию Дорожной карты, услуги по аудиту, проведение мероприятий, включая дистанционные форматы (аренда помещения, организация фотосъемки, видеозаписи, прямой трансляции, приобретение необходимых материалов и инвентаря), услуги по монтажу, услуги по техническому обслуживанию и ремонту оборудования, услуги по оказанию информационных, консультационных и других аналогичных услуг, которые необходимы для реализации Дорожной карты и требуют профессиональных знаний.
A3: Ограничения: | D3: Недопустимые расходы за счет пожертвования: приобретение товаров и услуг, оборот которых запрещен законодательством Российской Федерации, алкогольной и табачной продукции, товаров, которые являются предметами роскоши, расходы, непосредственно не связанные с реализацией Дорожной карты, денежные премии и т.п., за участие в мероприятиях Дорожной карты, подарки (за исключением сувенирной продукции получателя пожертвования), предоставление гражданам или организациям пожертвований/ грантов/ иной помощи в денежной форме, прямую гуманитарную и иную материальную помощь, а также расходы на оказание экстренной медицинской помощи отдельно взятым лицам, представительские расходы, в том числе расходы на проведение официальных приемов, посещение культурно-зрелищных мероприятий, организация питания на мероприятиях, банкетное обслуживание (кроме обеспечения питьевой водой участников мероприятий и организации питания (добровольцев) волонтеров); приобретение автотранспортных средств; капитальное строительство и капитальный ремонт зданий; приобретение недвижимого имущества (включая земельные участки); предоставление гражданам или организациям пожертвований/грантов/ иной помощи в денежной форме; формирование и пополнение целевого капитала
A5: № п/п | B5: № Направления/ № Цели/ № Задачи/ № мероприятия ДК (например, 1.1.1.1.) | C5: Наименование услуги | D5: Ед. изм. | E5: Кол-во | F5: Стоимость за единицу | G5: Итого затраты | H5: В том числе: | J5: Пояснения необходимости расходов, количества, стоимости и пр.
H6: Запрашиваемая сумма пожертвования | I6: Собственный вклад и вклад партнеров
F7: руб. | G7: руб. | H7: руб. | I7: руб.
F8: 0 | G8: =E8*F8 -> 0
F9: 0 | G9: =E9*F9 -> 0
F10: 0 | G10: =E10*F10 -> 0
F11: 0 | G11: =E11*F11 -> 0
C12: ИТОГО: | F12: =SUM(F8:F11) -> 0 | G12: =SUM(G8:G11) -> 0 | H12: =SUM(H8:H11) -> 0 | I12: =SUM(I8:I11) -> 0

Sheet 8. Обучение
A1: 8. Расходы на обучение сотрудников
A2: Данная статья расходов включает в себя: | C2: оплата курсов повышения квалификации и программ профессиональной переподготовки и т.д. (в рамках приоритетных направлений развития организации); участие в профильных семинарах, конференциях, вебинарах; тренинги (например, по фандрайзингу, управлению проектами, коммуникациям, работе с волонтёрами, методикам работы с целевой аудиторией); услуги приглашённых экспертов и тренеров, проводящих обучающие мероприятия для команды проекта
A4: № п/п | B4: № Направления/ № Цели/ № Задачи/ № мероприятия ДК (например, 1.1.1.1.) | C4: Наименование расходов | D4: Ед. изм. | E4: Кол-во | F4: Стоимость за единицу | G4: Итого затраты | H4: В том числе: | J4: Пояснения необходимости расходов, количества, стоимости и пр.
H5: Запрашиваемая сумма пожертвования | I5: Собственный вклад и вклад партнеров
F6: руб. | G6: руб. | H6: руб. | I6: руб.
F7: 0 | G7: =E7*F7 -> 0
F8: 0 | G8: =E8*F8 -> 0
F9: 0 | G9: =E9*F9 -> 0
F10: 0 | G10: =E10*F10 -> 0
F11: 0 | G11: =E11*F11 -> 0
C12: ИТОГО: | F12: 0 | G12: =SUM(G7:G11) -> 0 | H12: =SUM(H7:H11) -> 0 | I12: =SUM(I7:I11) -> 0

Sheet 9. Продвижение
A1: 9. Просветительская деятельность и информационная поддержка
A2: Данная статья расходов включает в себя: | D2: расходы направленные на распространение знаний, опыта работы, успешных практик некоммерческой организации; продвижение деятельности для повышения уровня информированности аудитории о профиле деятельности и оказываемых услугах организации, в том числе : оплата услуг записи лекций, обучающих видео‑роликов, подкастов, включая съёмку, монтаж, озвучку, субтитры, адаптацию под разные платформы; создание информационных и просветительских материалов: памятки, брошюры, инфографика, чек‑листы, методические рекомендации, презентации и т.д.); организация просветительских мероприятий: открытые лекции, круглые столы, дискуссии, экскурсии, уличные акции, вебинары — включая техническое обеспечение (онлайн‑платформы, трансляция, запись); продвижение просветительского контента, услуги SMM‑специалистов, копирайтеров, контент‑менеджеров: ведение соцсетей, разработка контент‑плана, написание текстов и т.д.; печать и распространение материалов: тираж буклетов, плакатов, наклеек, карт и т. п., а также логистика по точкам распространения (без учёта командировок сотрудников)
A4: № п/п | B4: № Направления/ № Цели/ № Задачи/ № мероприятия ДК (например, 1.1.1.1.) | C4: Наименование расходов | D4: Ед. изм. | E4: Кол-во | F4: Стоимость за единицу | G4: Итого затраты | H4: В том числе: | J4: Пояснения необходимости расходов, количества, стоимости и пр.
H5: Запрашиваемая сумма пожертвования | I5: Собственный вклад и вклад партнеров
F6: руб. | G6: руб. | H6: руб. | I6: руб.
F7: 0 | G7: =E7*F7 -> 0
F8: 0 | G8: =E8*F8 -> 0
F9: 0 | G9: =E9*F9 -> 0
F10: 0 | G10: =E10*F10 -> 0
F11: 0 | G11: =E11*F11 -> 0
C12: ИТОГО: | F12: =SUM(F7:F11) -> 0 | G12: =SUM(G7:G11) -> 0 | H12: =SUM(H7:H11) -> 0 | I12: =SUM(I7:I11) -> 0

Sheet 10. Обустройство помещений 
A1: 10. Обустройство помещений
A2: Данная статья расходов включает в себя: | D2: расходы, на проведение подготовительных работ, ремонт помещения (при наличии правоустанавливающих документов на помещение), закупка мебели
A3: Ограничения: | D3: капитальное строительство и капитальный ремонт зданий
A5: № п/п | B5: № Направления/ № Цели/ № Задачи/ № мероприятия (например, 1.1.1.1.) | C5: Наименование расходов | D5: Ед. изм. | E5: Кол-во | F5: Стоимость за единицу | G5: Итого затраты | H5: В том числе: | J5: Пояснения необходимости расходов, количества, стоимости и пр.
H6: Запрашиваемая сумма пожертвования | I6: Собственный вклад и вклад партнеров
F7: руб. | G7: руб. | H7: руб. | I7: руб.
F8: 0 | G8: =E8*F8 -> 0
F9: 0 | G9: =E9*F9 -> 0
F10: 0 | G10: =E10*F10 -> 0
F11: 0 | G11: =E11*F11 -> 0
F12: 0 | G12: =E12*F12 -> 0
C13: ИТОГО: | F13: =SUM(F8:F12) -> 0 | G13: =SUM(G8:G12) -> 0 | H13: =SUM(H8:H12) -> 0 | I13: =SUM(I8:I12) -> 0

Sheet 11. Обустройство территории
A1: 11. Обустройство территории
A2: Данная статья расходов включает в себя: | D2: обустройство прилегающей к зданию территории, в случае наличия у НКО правоустанавливающих документов на здание и землю: озеленение территории, установка малых архитектурных форм, декоративных ограждений, игрового, спортивного оборудования, оборудования архитектурного освещения и световой информации, обустройство площадок отдыха, установку лестниц, пандусов и пешеходных коммуникаций (с использованием некапитальных (мягких) покрытий, а также размещения некапитальных нестационарных сооружений для размещения информации
A4: № п/п | B4: № Направления/ № Цели/ № Задачи/ № мероприятия ДК (например, 1.1.1.1.) | C4: Наименование расходов | D4: Ед. изм. | E4: Кол-во | F4: Стоимость за единицу | G4: Итого затраты | H4: В том числе: | J4: Пояснения необходимости расходов, количества, стоимости и пр.
H5: Запрашиваемая сумма пожертвования | I5: Собственный вклад и вклад партнеров
F6: руб. | G6: руб. | H6: руб. | I6: руб.
F7: 0 | G7: =E7*F7 -> 0
F8: 0 | G8: =E8*F8 -> 0
F9: 0 | G9: =E9*F9 -> 0
F10: 0 | G10: =E10*F10 -> 0
F11: 0 | G11: =E11*F11 -> 0
C12: ИТОГО: | F12: =SUM(F7:F11) -> 0 | G12: =SUM(G7:G11) -> 0 | H12: =SUM(H7:H11) -> 0 | I12: =SUM(I7:I11) -> 0

Sheet 12. Иные
A1: 12. Иные расходы
A2: Данная статья расходов включает в себя: | D2: иные расходы, не вошедшие в перечень, но непосредственно связанные с реализацией Дорожной карты
A4: № п/п | B4: № Направления/ № Цели/ № Задачи/ № мероприятия ДК (например, 1.1.1.1.) | C4: Наименование расходов | D4: Ед. изм. | E4: Кол-во | F4: Стоимость за единицу | G4: Итого затраты | H4: В том числе: | J4: Пояснения необходимости расходов, количества, стоимости и пр.
H5: Запрашиваемая сумма пожертвования | I5: Собственный вклад и вклад партнеров
F6: руб. | G6: руб. | H6: руб. | I6: руб.
F7: 0 | G7: =E7*F7 -> 0
F8: 0 | G8: =E8*F8 -> 0
F9: 0 | G9: =E9*F9 -> 0
F10: 0 | G10: =E10*F10 -> 0
F11: 0 | G11: =E11*F11 -> 0
C12: ИТОГО: | F12: =SUM(F7:F11) -> 0 | G12: =SUM(G7:G11) -> 0 | H12: =SUM(H7:H11) -> 0 | I12: =SUM(I7:I11) -> 0
